 Dungeon Crawl Stone Soup version 0.32-a0-42-ga30500b4d3 (webtiles) character file.

Game seed: 4471452736392157603

14105 Newt the Fighter (level 12, -17/82 HPs)
             Began as a Gargoyle Fighter on Feb 2, 2024.
             Was the Champion of Okawaru.
             Killed from afar by a deep elf pyromancer (21 damage)
             ... with a bolt of fire
             ... on level 9 of the Dungeon.
             The game lasted 00:13:11 (9998 turns).

Newt the Fighter (Gargoyle Fighter)                 Turns: 9998, Time: 00:13:12

Health: -17/82     AC: 27    Str: 25    XL:     12   Next: 13%
Magic:  27/27      EV: 16    Int:  9    God:    Okawaru [******]
Gold:   471        SH:  0    Dex:  9    Spells: 11/11 levels left

rFire   . . .        T - +10 consecrated labrys {holy, Valiant ^Fragile Fly SInv}
rCold   . . .        (no shield)
rNeg    + . .        O - +0 acid dragon scales
rPois   ∞            M - +2 helmet
rElec   +            U - +2 cloak of Ciubitu {Regen+}
rCorr   +            h - +0 pair of gloves
SInv    +            j - +0 pair of boots
Will    .....        w
                       - Hermit's Pendant {Faith Invo=14 Evo=0 MP+5}
Stlth   +            u - +5 ring of evasion
HPRegen 1.13/turn    o - ring of see invisible
MPRegen 0.20/turn

%: faith
@: on fire, flying, glowing
A: sickness immunity, AC +8, negative energy resistance 1, electricity
resistance, torment resistance 1, petrification resistance
a: Renounce Religion, Heroism, Finesse, Duel


You were on level 9 of the Dungeon.
You worshipped Okawaru.
Okawaru was exalted by your worship.
You visited 2 branches of the dungeon, and saw 11 of its levels.

You collected 675 gold pieces.
You spent 204 gold pieces at shops.

Inventory:

Hand Weapons
 a - a +2 flail
 d - a -1 demon whip of venom
 x - a +7 heavy great mace
 T - the +10 consecrated labrys (weapon) {holy, Valiant ^Fragile Fly SInv}
   (You took it off a kobold demonologist on level 9 of the Dungeon)

   Valiant:   It becomes more powerful as more dangerous foes come into view.
   SInv:      It lets you see invisible.
   Fly:       It grants you flight.
   ^Fragile:  It will be destroyed if unequipped.
 V - a +1 broad axe of flaming
Missiles
 m - 6 boomerangs (quivered)
 E - 4 poisoned darts
Armour
 b - a +0 scale mail
 c - a +0 buckler
 h - a +0 pair of gloves (worn)
 j - a +0 pair of boots (worn)
 s - a +0 helmet
 A - a +2 helmet
 H - a +2 cloak
 M - a +2 helmet (worn)
 O - +0 acid dragon scales (worn)
 U - the +2 cloak of Ciubitu (worn) {Regen+}
   (Okawaru gifted it to you on level 10 of the Dungeon)

   Regen+:    It increases your rate of health regeneration.
Jewellery
 l - a +6 ring of intelligence
 o - a ring of see invisible (right hand)
 u - a +5 ring of evasion (left hand)
 w - the Hermit's Pendant (around neck) {Faith Invo=14 Evo=0 MP+5}
   (You found it on level 5 of the Dungeon)

   [amulet of faith]

   Invo=14: It sets your Invocations skill to 14.
   Evo=0: It sets your Evocations skill to 0.
   Faith:     It allows you to gain divine favour quickly.
   MP+5:      It affects your magic capacity (+5).
 R - the amulet of Wukhlify {Reflect Rampage Dex+4 SH+5 Stlth-}
   (You acquired it on level 9 of the Dungeon)

   [amulet of reflection]

   Reflect:   It reflects blocked missile attacks.
   Dex+4:     It affects your dexterity (+4).
   SH+5:      It affects your SH (+5).
   Rampage:   It bestows one free step when moving towards enemies.
   Stlth-:    It makes you less stealthy.
Wands
 L - a wand of mindburst (14)
 S - a wand of flame (13)
Scrolls
 g - a scroll of fog
 k - 4 scrolls of teleportation
 n - a scroll of amnesia
 r - a scroll of immolation
 t - a scroll of poison
 v - a scroll of vulnerability
 y - a scroll of enchant armour {unknown}
 z - a scroll of blinking
 G - a scroll of butterflies {unknown}
 I - a scroll of noise {unknown}
 K - a scroll of revelation {unknown}
 P - 2 scrolls of identify
 Q - a scroll of brand weapon {unknown}
Potions
 e - 2 potions of attraction
 f - 5 potions of brilliance
 i - a potion of curing
 p - a potion of invisibility
 q - a potion of resistance {unknown}
 B - 3 potions of haste {unknown}
 D - 2 potions of enlightenment
 F - a potion of degeneration {unknown}
 J - 2 potions of berserk rage {unknown}
 N - a potion of lignification {unknown}


   Skills:
 + Level 12.7 Fighting
 * Level 4.1(6.9) Axes
 - Level 9.4(9.9) Maces & Flails
 - Level 8.0 Throwing
 - Level 9.4 Armour
 - Level 3.2 Shields


You had 11 spell levels left.
You didn't know any spells.
Your spell library contained the following spells:

 Spells                   Type           Power      Damage    Failure   Level
 Apportation              Tloc           0%         N/A       43%         1
 Freeze                   Ice            0%         1d3       43%         1
 Jinxbite                 Hex            0%         N/A       58%         2
 Dazzling Flash           Conj/Hex       0%         N/A       82%         3
 Frozen Ramparts          Ice            0%         1d1       82%         3
 Fugue of the Fallen      Necr           0%         N/A       82%         3
 Hailstorm                Conj/Ice       0%         3d5       82%         3
 Mephitic Cloud           Conj/Alch/Air  0%         N/A       82%         3
 Ozocubu's Armour         Ice            0%         N/A       82%         3
 Ignite Poison            Fire/Alch      0%         N/A       99%         4
 Manifold Assault         Tloc           0%         N/A       99%         4
 Alistair's Intoxication  Alch           0%         N/A       100%        5
 Curse of Agony           Necr           0%         N/A       100%        5
 Freezing Cloud           Conj/Ice/Air   0%         6-21      100%        5
 Silence                  Hex/Air        0%         N/A       100%        5
 Cigotuvi's Dreadful Rot  Necr/Alch/Air  Unusable   N/A       N/A         2

Dungeon Overview and Level Annotations

Branches:
Dungeon (10/15)            Temple (1/1) D:6
   Lair: D:8-11         Orc: D:9-12

Altars:
Cheibriados
Dithmenos
Elyvilon
Fedhas
Gozag
Hepliaklqana
Kikubaaqudgha
Makhleb
Nemelex Xobeh
Okawaru
Qazlal
Ru
Sif Muna
Trog
Uskayaw
Vehumet
Wu Jian
Xom
Yredelemnul
Zin
The Shining One

Shops:
D:5 !

Annotations:
D:9 1 runed translucent door


Innate Abilities, Weirdness & Mutations

You are immune to sickness and miasma.
Your stone body is resilient. (AC +8)
You are immune to poison.
You resist negative energy. (rN+)
You are resistant to electric shocks. (rElec)
You are resistant to unholy torment.
You are immune to petrification.


Message History

The deep elf pyromancer hits you but does no damage.
Unknown command.
Unknown command.
You feel much better. The liquid fire burns you!
The deep elf pyromancer closely misses you.
You shake off some of the fire as you move.
The liquid fire burns you!
The deep elf pyromancer casts a spell at you.
The pyre arrow misses you.
Unknown command.
You shake off some of the fire as you move.
The liquid fire burns you!
* * * LOW HITPOINT WARNING * * *
The deep elf pyromancer completely misses you.
Unknown command.
You shake off some of the fire as you move.
The liquid fire burns you!
* * * LOW HITPOINT WARNING * * *
The deep elf pyromancer hits you but does no damage.
Unknown command.
You barely miss the deep elf pyromancer.
The deep elf pyromancer is lightly wounded.
The liquid fire burns you!
* * * LOW HITPOINT WARNING * * *
The deep elf pyromancer gestures wildly while chanting.
Unknown command.
You feel better. The liquid fire burns you!
* * * LOW HITPOINT WARNING * * *
The fire elemental closely misses you.
The deep elf pyromancer hits you but does no damage.
Unknown command.
You feel better. The liquid fire burns you!
* * * LOW HITPOINT WARNING * * *
The fire elemental misses you.
The deep elf pyromancer gestures at you while chanting.
The bolt of fire hits you!!
You die...

###...###
........e..###.......
###...###.#)...)#.###.......(.
###...#.##...##.#...........
#.#.##.#...#.##...#Q......
#....#.##.##.#......))>...
##...##.#.#(##.Q....))....
##...#.#+#(#......)......
#.#.##e..##....####.....
#.#..#.@)#..##.# #.....
#....##E##.....# #)....
###...#.#..##### #.####
#.#.#'#(## #.#### #....#(.##
#####.....
##.#.#...####.....####
#.#...[..........#...
#...##.........#.#...
###.....)#.......#...


You could see a deep elf pyromancer and a fire elemental (summoned).

Vanquished Creatures
  Amaemon (D:7)
  A skeletal warrior (D:9)
  Pikel (D:8)
  2 deep elf pyromancers (D:9)
  4 cyclopes (D:9)
  2 ugly things (D:9)
  Joseph (D:8)
  An orange demon (D:8)
  A gargoyle (D:9)
  Maggie (D:8)
  Jeremiah (D:7)
  A komodo dragon (D:8)
  A kobold demonologist (D:9)
  A hornet (D:9)
  2 trolls
  Prince Ribbit (D:7)
  A wraith (D:9)
  Sigmund (D:4)
  11 yaks (D:9)
  2 wyverns
  4 vampire mosquitoes
  2 steam dragons
  An acid dragon (D:8)
  A water moccasin (D:7)
  2 ice beasts
  3 orc warriors
  A sky beast (D:7)
  2 black bears
  An ogre (D:6)
  2 centaurs
  A phantom (D:5)
  A kobold brigand (D:9)
  5 bullfrogs
  2 scorpions
  A wight (D:9)
  6 killer bees
  6 howler monkeys
  4 bombardier beetles
  Crazy Yiuf (D:7)
  4 hounds
  7 orc priests
  2 gnoll boudas
  4 jellies
  Natasha (D:3)
  21 orc wizards
  3 iguanas
  Robin (D:3)
  3 gnolls (D:8)
  6 adders
  2 shadow imps (D:6)
  2 white imps (D:7)
  4 ufetubi
  2 dart slugs
  A ribbon worm (D:2)
  22 orcs
  6 bats
  3 endoplasms
  A giant cockroach (D:2)
  15 goblins
  4 hobgoblins
  2 jackals (D:4)
  10 kobolds
  3 quokkas
  8 ball pythons
  A frilled lizard (D:1)
  A rat (D:1)
222 creatures vanquished.

Notes
Turn   | Place    | Note
-------+----------+-------------------------------------------
     0 | D:1      | Newt the Gargoyle Fighter began the quest for the Orb.
     0 | D:1      | Reached XP level 1. HP: 14/14 MP: 1/1
   244 | D:1      | Reached XP level 2. HP: 19/19 MP: 2/2
   614 | D:2      | Reached XP level 3. HP: 20/24 MP: 3/3
  1008 | D:2      | Reached skill level 4 in Fighting
  1008 | D:2      | Reached XP level 4. HP: 29/29 MP: 4/4
  1092 | D:2      | You fall into a shaft and drop 1 floor!
  1141 | D:3      | Reached XP level 5. HP: 18/34 MP: 5/5
  1860 | D:3      | Reached skill level 5 in Maces & Flails
  1860 | D:3      | Reached XP level 6. HP: 40/40 MP: 6/6
  1878 | D:3      | Noticed Robin
  1895 | D:3      | Reached skill level 5 in Fighting
  1902 | D:3      | Killed Robin
  2366 | D:3      | Noticed Natasha
  2371 | D:3      | Killed Natasha
  2372 | D:3      | Reached skill level 1 in Throwing
  2712 | D:4      | Noticed Sigmund
  2721 | D:4      | Killed Sigmund
  2722 | D:4      | Reached XP level 7. HP: 41/45 MP: 7/7
  3172 | D:5      | Entered Level 5 of the Dungeon
  3237 | D:5      | Found the Hermit's Pendant {Faith Invo=14 Evo=0 MP+5}
  3304 | D:5      | Reached skill level 6 in Fighting
  3607 | D:5      | Reached XP level 8. HP: 48/52 MP: 8/8
  3851 | D:5      | Found Junn's Distillery.
  3873 | D:5      | Bought a potion of heal wounds for 60 gold pieces
  3873 | D:5      | Bought a potion of curing for 36 gold pieces
  3873 | D:5      | Bought a potion of brilliance for 48 gold pieces
  3873 | D:5      | Bought a potion of enlightenment for 60 gold pieces
  3908 | D:6      | Reached skill level 5 in Throwing
  4192 | D:6      | Found a staircase to the Ecumenical Temple.
  4229 | D:6      | Reached skill level 7 in Fighting
  4252 | Temple   | Entered the Ecumenical Temple
  4411 | Temple   | Became a worshipper of Warmaster Okawaru
  4757 | D:6      | Reached * piety under Okawaru
  4766 | D:6      | Reached XP level 9. HP: 58/59 MP: 19/19
  4882 | D:6      | Identified a scroll of acquirement
  4883 | D:6      | Acquired a +7 heavy great mace
  4920 | D:6      | Reached skill level 8 in Fighting
  5603 | D:7      | Noticed Jeremiah
  5628 | D:7      | Killed Jeremiah
  5628 | D:7      | Reached ** piety under Okawaru
  5850 | D:7      | Identified the +4 flail "Death Rattle" {freeze, rN+ MP+9}
  6072 | D:7      | Reached skill level 9 in Fighting
  6112 | D:7      | Found a runed translucent door.
  6113 | D:7      | Noticed Crazy Yiuf
  6120 | D:7      | Killed Crazy Yiuf
  6121 | D:7      | Reached skill level 5 in Armour
  6420 | D:7      | Noticed a troll
  6427 | D:7      | Killed a troll
  6537 | D:7      | Noticed Prince Ribbit
  6542 | D:7      | Killed Prince Ribbit
  6542 | D:7      | Reached *** piety under Okawaru
  6543 | D:7      | Reached XP level 10. HP: 60/66 MP: 20/20
  6663 | D:8      | Noticed Amaemon
  6664 | D:8      | Noticed an orange demon
  6699 | D:7      | Killed Amaemon
  6846 | D:8      | Killed an orange demon
  6847 | D:8      | Reached skill level 10 in Fighting
  6887 | D:8      | Reached **** piety under Okawaru
  7171 | D:8      | Noticed Pikel
  7184 | D:8      | Killed Pikel
  7599 | D:8      | Noticed Joseph
  7608 | D:8      | Killed Joseph
  7608 | D:8      | Reached ***** piety under Okawaru
  7742 | D:8      | Noticed Maggie
  7752 | D:8      | Killed Maggie
  8024 | D:9      | Acquired the amulet of Wukhlify {Reflect Rampage Dex+4 SH+5
                  | Stlth-}
  8132 | D:9      | Reached XP level 11. HP: 62/73 MP: 21/21
  8134 | D:9      | Reached skill level 11 in Fighting
  8140 | D:9      | Received a gift from Okawaru
  8395 | D:9      | Found a runed translucent door.
  8567 | D:9      | Noticed a cyclops
  8577 | D:9      | Killed a cyclops
  8949 | D:9      | Noticed a cyclops
  8958 | D:9      | Killed a cyclops
  9020 | D:9      | Received a gift from Okawaru
  9043 | D:9      | Noticed a red ugly thing
  9045 | D:9      | Noticed a red ugly thing
  9062 | D:9      | Killed a red ugly thing
  9064 | D:9      | Killed a purple ugly thing
  9227 | D:9      | Noticed a cyclops
  9230 | D:9      | Noticed a deep elf pyromancer
  9237 | D:9      | Killed a deep elf pyromancer
  9238 | D:9      | Reached skill level 12 in Fighting
  9238 | D:9      | Killed a cyclops
  9245 | D:9      | Noticed a sixfirhy
  9271 | D:9      | Noticed a skeletal warrior
  9464 | D:9      | Noticed a deep elf pyromancer
  9469 | D:9      | Noticed a deep elf pyromancer
  9470 | D:9      | Killed a deep elf pyromancer
  9471 | D:9      | Reached skill level 1 in Axes
  9474 | D:9      | Noticed a tengu warrior
  9480 | D:9      | Killed a skeletal warrior
  9480 | D:9      | Received a gift from Okawaru
  9480 | D:9      | Noticed a two-headed ogre
  9481 | D:9      | Reached XP level 12. HP: 30/82 MP: 22/22
  9525 | D:10     | Entered Level 10 of the Dungeon
  9525 | D:10     | Noticed a two-headed ogre
  9608 | D:10     | Reached ****** piety under Okawaru
  9817 | D:10     | Acquired the +2 cloak of Ciubitu {Regen+}
  9817 | D:10     | Received a gift from Okawaru
  9849 | D:10     | Acquired a +1 broad axe of flaming
  9849 | D:10     | Received a gift from Okawaru
  9996 | D:9      | HP: 3/82 [burnt (11)]
  9998 | D:9      | Killed from afar by a deep elf pyromancer

Illustrated notes

Levels and vault maps discovered:
D:1:      ebering_trefoil_twist, layout_rooms
D:2:      cheibrodos_pilgrimage, layout_rooms, hangedman_decor_peaks_small
D:3:      wad_crossroads, layout_basic, st_stairs_10, uniq_natasha, uniq_robin
D:4:      layout_gridville, uniq_sigmund
D:5:      black_bear_nest_2, layout_loops_ring, serial_shops,
          nicolae_shop_tiny_waterfront, kennysheep_donut
D:6:      layout_cave_pods, minmay_temple_entry_gardened_gates
D:7:      minmay_general_purpose_star, layout_cave_pools, uniq_prince_ribbit1,
          uniq_jeremiah, uniq_crazy_yiuf_cottage
D:8:      layout_cave_pools, uniq_joseph, uniq_pikel, uniq_amaemon, uniq_maggie
D:9:      minmay_the_grid_four_pointed_star_mashed
          [minmay_the_grid_triangle_9x9_subtriangle,
          minmay_the_grid_triangle_9x9_flanged_cone,
          minmay_the_grid_triangle_9x9_stretched_checkered,
          minmay_the_grid_triangle_9x9_corrupted_corridor,
          minmay_the_grid_prize_shrinking_boxes], layout_stronghold
D:10:     layout_basic, nicolae_ashenzari_skybound, dpeg_lair_monsters,
          enter_trove_3, serial_shops, nicolae_shop_bloodbath_and_beyond,
          minivault_19, minivault_27, hangedman_decor_slide_cut
Temple:   mainiacjoe_temple_circle_huts

Skill      XL: |  1  2  3  4  5  6  7  8  9 10 11 12 |
---------------+-------------------------------------+-----
Maces & Flails | 3 4 5 6 9 |  9.4
Fighting       | 4 5 6 7 9 10 12 | 12.7
Throwing       | 3 4 7 8 |  8.0
Armour         | 6 9 |  9.4
Axes           | 2 4 |  4.1
Shields        | |  3.2

Action                     |  1- 3 |  4- 6 |  7- 9 | 10-12 || total
---------------------------+-------+-------+-------+-------++-------
  Melee: Flail             |   101 |   141 |   170 |       ||   412
         Great mace        |       |       |    62 |   177 ||   239
         Labrys            |       |       |       |    62 ||    62
  Throw: Boomerang         |       |     2 |     2 |    16 ||    20
         Dart              |       |       |     5 |     4 ||     9
 Invoke: Receive Weapon    |       |       |       |     1 ||     1
         Receive Armour    |       |       |       |     1 ||     1
    Use: Scroll            |     5 |     2 |     6 |     3 ||    16
         Potion            |       |       |     1 |     4 ||     5
 Armour: Scale mail        |    86 |   128 |   217 |   174 ||   605
         Acid dragon scale |       |       |       |   193 ||   193
  Dodge: Dodged            |    56 |    71 |   260 |   490 ||   877
  Block: Buckler           |    20 |    30 |    40 |       ||    90

Table legend: (Time is in decaauts)
 A = Elapsed time spent in this place.
 B = Non-inter-level travel time spent in this place.
 C = Inter-level travel time spent in this place.
 D = Time resting spent in this place.
 E = Time spent auto-exploring this place.
 F = Levels seen in this place.
 G = Mean time per level.
                   A        B        C        D        E       F      G
               +--------+--------+--------+--------+--------+-----+--------+
         Total |  10358 |  10119 |    239 |   2763 |   5332 |  11 |  941.6 |
       Dungeon |  10176 |   9981 |    195 |   2639 |   5332 |  10 | 1017.6 |
        Temple |    182 |    138 |     44 |    124 |      0 |   1 |  182.0 |
               +--------+--------+--------+--------+--------+-----+--------+

Top non-repeatable levels by time:
     D:9: 1938 daAuts
     D:7: 1428 daAuts
     D:6: 1395 daAuts
     D:3: 1272 daAuts
     D:8: 1138 daAuts
     D:5: 733 daAuts
     D:4: 685 daAuts
     D:2: 664 daAuts
     D:1: 606 daAuts
    D:10: 313 daAuts
  Temple: 182 daAuts
